 Dungeon Crawl Stone Soup version 0.27.1-34-g3ba077fa99 (webtiles) character file.

Game seed: 3225388611861409334

53022 fskeleton the Eclecticist (level 14, -4/70 HPs)
             Began as a Deep Elf Ice Elementalist on Jan 5, 2022.
             Was a High Priest of Sif Muna.
             Slain by a redback (11 damage)
             ... on level 2 of the Lair of Beasts on Jan 7, 2022.
             The game lasted 08:00:08 (26363 turns).

fskeleton the Eclecticist (DEIE)                   Turns: 26363, Time: 08:00:13

Health: -4/70      AC: 22    Str:  5    XL:     14   Next: 29%
Magic:  9/44       EV: 18    Int: 28    God:    Sif Muna [*****.]
Gold:   1323       SH:  5    Dex: 17    Spells: 17/44 levels left

rFire    x . .     SeeInvis .   f - +2 quarterstaff (chaos)
rCold    + . .     Faith    .   (shield currently unavailable)
rNeg     . . .     Spirit   .   o - +1 robe of Erinuesa {Int+4}
rPois    .         Reflect  +   E - +2 hat {Will+}
rElec    .         Harm     .   d - +0 cloak
rCorr    .         Rampage  .   L - +2 pair of gloves
Will     ++...                  m - +0 pair of boots
Stlth    ++++......             k - amulet of reflection
HPRegen  0.21/turn              c - ring of ice
MPRegen  0.29/turn              H - ring of magical power

@: ice-armoured, about to teleport
A: no striking features
a: Renounce Religion, Channel Magic, Forget Spell, Divine Exegesis


You were on level 2 of the Lair of Beasts.
You worshipped Sif Muna.
Sif Muna was extremely pleased with you.
You visited 5 branches of the dungeon, and saw 21 of its levels.

You collected 1867 gold pieces.
You spent 544 gold pieces at shops.

Inventory:

Hand Weapons
 f - a +2 quarterstaff of chaos (weapon)
 g - a +1 hunting sling of flaming
 l - a +0 short sword of speed
 S - a +0 flail of holy wrath
Missiles
 s - 132 sling bullets
 w - 99 poisoned darts (quivered)
 F - 7 datura-tipped darts
Armour
 a - a +2 helmet
 d - a +0 cloak (worn)
 m - a +0 pair of boots (worn)
 o - the +1 robe of Erinuesa (worn) {Int+4}
   (You found it on level 4 of the Dungeon)

   Int:       It affects your intelligence (+4).
 z - a +0 leather armour of fire resistance
 B - a +0 buckler
 D - a +1 robe of positive energy
 E - a +2 hat of willpower (worn)
 L - a +2 pair of gloves (worn)
Magical Staves
 I - a staff of death
 Q - a staff of fire
Jewellery
 c - a ring of ice (left hand)
 k - an amulet of reflection (around neck)
 y - an amulet of regeneration
 A - a ring of positive energy
 C - the ring of Pofehotz {rElec rF+ Slay+3 SInv}
   (You found it on level 6 of the Lair of Beasts)

   [ring of see invisible]

   Slay:      It affects your accuracy & damage with ranged weapons and melee
   (+3).
   rF:        It protects you from fire.
   rElec:     It insulates you from electricity.
   SInv:      It lets you see invisible.
 H - a ring of magical power (right hand)
 M - a ring of see invisible
 T - a ring of flight
Wands
 b - a wand of paralysis (19)
 t - a wand of acid (48)
 J - a wand of charming (8)
 N - a wand of flame (42)
 U - a wand of polymorph (8)
 X - a wand of iceblast (5)
 Y - a wand of digging (5)
Scrolls
 h - a scroll of holy word {unknown}
 n - a scroll of blinking
 q - 4 scrolls of fear
 r - 6 scrolls of teleportation
 u - a scroll of enchant weapon
 x - 5 scrolls of immolation
 R - a scroll of magic mapping
 V - 4 scrolls of amnesia
 Z - 5 scrolls of fog
Potions
 e - 3 potions of brilliance
 i - 2 potions of invisibility
 j - 2 potions of lignification
 p - 2 potions of haste
 G - a potion of mutation {unknown}
 K - a potion of curing
 O - a potion of resistance
 P - a potion of cancellation
 W - a potion of berserk rage {unknown}
Miscellaneous
 v - a phantom mirror


   Skills:
 - Level 1.2 Fighting
 - Level 2.0 Staves
 - Level 1.0(2.2) Slings
 - Level 3.9(4.0) Throwing
 + Level 10.9 Dodging
 + Level 9.7 Stealth
 + Level 3.5 Shields
 + Level 15.6 Spellcasting
 + Level 7.9 Hexes
 * Level 8.8 Summonings
 + Level 6.5 Necromancy
 - Level 12.1 Ice Magic
 - Level 2.0 Air Magic
 + Level 4.1 Poison Magic
 + Level 6.9 Invocations
 - Level 4.1 Evocations


You had 17 spell levels left.
You knew the following spells:

 Your Spells              Type           Power      Damage    Failure   Level
a - Freeze                Ice            100%       1d11      0%          1
b - Frozen Ramparts       Ice            100%       1d12      1%          3
c - Ozocubu's Armour      Ice            94%        N/A       1%          3
d - Summon Small Mammal   Summ           100%       N/A       1%          1
e - Animate Skeleton      Necr           100%       N/A       1%          1
f - Corona                Hex            66%        N/A       1%          1
g - Slow                  Hex            60%        N/A       1%          2
h - Poisonous Vapours     Pois/Air       78%        N/A       1%          2
i - Summon Ice Beast      Ice/Summ       88%        N/A       1%          4
j - Summon Mana Viper     Hex/Summ       62%        N/A       1%          5
k - Olgreb's Toxic Radia  Pois           45%        N/A       4%          4

Your spell library contained the following spells:

 Spells                   Type           Power      Damage    Failure   Level
 Sting                    Tmut/Pois      100%       1d8       1%          1
 Corpse Rot               Necr/Air       N/A        N/A       1%          2
 Confusing Touch          Hex            60%        N/A       1%          3
 Cause Fear               Hex            30%        N/A       1%          4
 Dispel Undead            Necr           55%        3d20      1%          4
 Hailstorm                Conj/Ice       71%        3d15      1%          4
 Apportation              Tloc           42%        N/A       2%          1
 Shadow Creatures         Summ           N/A        N/A       9%          6
 Yara's Violent Unravell  Hex/Tmut       21%        3d10      12%         5
 Sticky Flame             Conj/Fire      21%        2d4       22%         4
 Death Channel            Necr           27%        N/A       24%         6
 Monstrous Menagerie      Summ           32%        N/A       45%         7
 Blade Hands              Tmut           10%        N/A       54%         5
 Irradiate                Conj/Tmut      10%        3d16      54%         5
 Haunt                    Necr/Summ      30%        N/A       63%         7
 Malign Gateway           Summ/Tloc      23%        N/A       97%         7
 Summon Horrible Things   Summ           32%        N/A       98%         8
 Dragon Form              Tmut           10%        N/A       100%        7
 Chain Lightning          Conj/Air       13%        3d18      100%        9
 Dragon's Call            Summ           32%        N/A       100%        9
 Fire Storm               Conj/Fire      10%        8d3       100%        9


Dungeon Overview and Level Annotations

Branches:
Dungeon (11/15)            Temple (1/1) D:7            Lair (6/6) D:10
 Shoals (0/4) Lair:3       Spider (1/4) Lair:2        Slime (0/5) Lair:6
    Orc (2/2) D:10
    Elf: Orc:2

Altars:
Ashenzari
Cheibriados
Dithmenos
Elyvilon
Fedhas
Gozag
Hepliaklqana
Kikubaaqudgha
Makhleb
Nemelex Xobeh
Okawaru
Qazlal
Ru
Sif Muna
Trog
Uskayaw
Vehumet
Wu Jian
Xom
Yredelemnul
Zin
The Shining One
Beogh
Jiyva

Shops:
D:6 ?=?([   Orc:1 :

Annotations:
D:2 Sigmund
D:3 Grinder
D:7 1 transporter, Harold
Lair:2 exclusion: oklob plant


Message History

Your icy armour and frozen ramparts will break if you move.
Continue?
The wall freezes the wolf spider.
The wolf spider hits you but does no damage.
The wolf spider closely misses you.
The wall freezes the jumping spider.
The jumping spider leaps!
The wall freezes the redback.
The redback bites you!
* * * LOW HITPOINT WARNING * * *
You are lethally poisoned!
The redback poisons you!
The jumping spider pounces on you but does no damage.
The jumping spider misses you.
The wall freezes the wolf spider but does no damage.
The wolf spider hits you but does no damage.
You block the wolf spider's attack.
Your ice beast hits the jumping spider but does no damage.
The frozen ramparts melt away.
You climb upwards.
Welcome back to the Lair of Beasts!
Your summoned ally is left behind.
Your icy armour cracks and falls away as you move.
Level annotation: exclusion: oklob plant
* * * LOW HITPOINT WARNING * * *
You feel extremely sick.
There is a hole to the Spider Nest here.
You feel better.
The redback bites you but does no damage.
The jumping spider leaps!
The wolf spider hits you but does no damage.
The wolf spider bites you but does no damage.
You block the redback's attack.
As you read the scroll of teleportation, it crumbles to dust.
You feel strangely unstable. The wolf spider closely misses you.
The wolf spider bites you but does no damage.
The redback completely misses you. The wolf spider hits you.
* * * LOW HITPOINT WARNING * * *
The wolf spider bites you but does no damage.
Casting: Freeze (safe; 0% risk of failure)
Confirm with . or Enter, or press ? or * to list all spells.
You feel a surge of power! A film of ice covers your body!
The redback bites you but does no damage.
The wolf spider barely misses you. The wolf spider closely misses you.
The redback bites you!
You die...

................#...#
...................P####
##..##....#.....#...P..#
######....#....^^.^...##
#.....#..^...^....##
##......^...^......#
##.....^.^.^.^^....#
#........^..^°s^^^## ###
##..........@s^^^.##
#.####......^.^s^^^.^^.##
...............^...^....#
###..##.#.....^.....^..##
# #######..........^....#
# ##.....^.^^....## #
#.#.###.......# # ######
#.#####......##
###..#.###..##.#....###


You could see a wolf spider, a jumping spider and a redback.

Vanquished Creatures
  Fannar (Orc:1)
  A boulder beetle (D:11)
  3 catoblepae
  2 hydras
  3 two-headed ogres
  7 death yaks
  Nergalle (D:11)
  A wolf spider (Spider:1)
  A centaur zombie (D:11)
  5 elephants
  6 black mambas
  Maurice (D:8)
  Joseph (D:7)
  2 torpor snails
  7 cane toads
  Maggie (D:9)
  8 komodo dragons
  Psyche (D:10)
  A rime drake (Lair:6)
  An ice devil (Lair:4)
  5 trolls
  2 jumping spiders (Spider:1)
  3 hornets
  6 dream sheep
  9 spriggans (Lair:4)
  A shadow (D:9)
  A tarantella (Spider:1)
  10 redbacks (Spider:1)
  5 wyverns
  A vampire (D:10)
  A basilisk (Lair:1)
  32 yaks
  A swamp worm (Lair:6)
  13 water moccasins
  13 orc warriors
  3 black bears
  An ogre (Orc:1)
  34 wolves
  A boggart (Lair:4)
  4 centaurs
  A kobold brigand (D:7)
  10 bullfrogs
  4 scorpions
  2 gnoll sergeants
  A water moccasin skeleton (D:7)
  3 killer bees (D:11)
  4 wights
  4 howler monkeys
  A bullfrog zombie (D:6)
  A jelly (D:7)
  A gnoll shaman (D:7)
  Crazy Yiuf (D:2)
  18 orc priests
  2 hounds
  2 centaur skeletons
  19 orc wizards
  A hound zombie (D:4)
  2 howler monkey zombies
  2 adders
  17 gnolls
  A shadow imp (D:6)
  A white imp (D:6)
  2 ufetubi
  4 worms
  A dart slug (D:5)
  87 orcs
  2 bats (D:1)
  5 endoplasms
  6 giant cockroaches
  5 goblins
  9 hobgoblins
  4 jackals (D:4)
  3 quokkas
  4 ball pythons
  4 frilled lizards
  6 kobolds
  3 rats
443 creatures vanquished.

Vanquished Creatures (collateral kills)
  Gastronok (Orc:1)
  Snorg (Lair:4)
  2 hydras
  A catoblepas (Lair:6)
  5 death yaks
  A lindwurm (Lair:6)
  An orb spider (Spider:1)
  A manticore (Lair:6)
  2 centaur zombies
  2 elephants
  A cane toad (Lair:4)
  A black mamba (Lair:4)
  A yaktaur (D:10)
  3 rime drakes
  2 komodo dragons (Lair:5)
  A troll (D:11)
  2 tyrant leeches (Lair:6)
  A hornet (Lair:4)
  12 dream sheep
  A redback (Spider:1)
  2 spriggans (Lair:4)
  15 yaks
  A wyvern (Lair:6)
  A basilisk (Lair:4)
  Grum (D:11)
  A swamp worm (Lair:6)
  2 water moccasins
  3 orc warriors
  3 centaurs (D:11)
  A boggart (Lair:4)
  2 wolves
  2 bullfrogs
  2 killer bees (D:11)
  An orc priest (D:9)
  A hell rat (Lair:4)
  4 orc wizards
  5 orcs
89 creatures vanquished.

Vanquished Creatures (others)
  A hornet (Lair:4)
  A spriggan (Lair:4)
  52 fungi
  63 plants
117 creatures vanquished.

Grand Total: 649 creatures vanquished

Notes
Turn   | Place    | Note
-------+----------+-------------------------------------------
     0 | D:1      | fskeleton the Deep Elf Ice Elementalist began the quest for
                  | the Orb.
     0 | D:1      | Reached XP level 1. HP: 10/10 MP: 6/6
   294 | D:1      | Reached XP level 2. HP: 15/15 MP: 6/8
   616 | D:1      | Reached skill level 5 in Ice Magic
   855 | D:2      | Noticed Sigmund
   947 | D:2      | Reached XP level 3. HP: 17/19 MP: 8/10
  1012 | D:2      | Learned a level 3 spell: Frozen Ramparts
  1018 | D:2      | Found a runed translucent door.
  1019 | D:2      | Noticed Crazy Yiuf
  1027 | D:2      | Learned a level 3 spell: Ozocubu's Armour
  1190 | D:2      | Killed Crazy Yiuf
  1191 | D:2      | Reached skill level 4 in Spellcasting
  1309 | D:2      | Reached XP level 4. HP: 20/24 MP: 8/12
  1926 | D:3      | Noticed Grinder
  2013 | D:3      | Noticed an orc warrior
  2019 | D:3      | Reached skill level 5 in Spellcasting
  2019 | D:3      | Reached XP level 5. HP: 28/28 MP: 4/14
  2956 | D:4      | Identified the +1 robe of Erinuesa {Int+4}
  3052 | D:4      | Noticed a water moccasin
  3082 | D:4      | Killed a water moccasin
  3083 | D:4      | Reached skill level 6 in Spellcasting
  3083 | D:4      | Reached XP level 6. HP: 32/32 MP: 5/17
  3407 | D:4      | Found a snail-covered altar of Cheibriados.
  3668 | D:5      | Entered Level 5 of the Dungeon
  3678 | D:5      | Found a broken altar of Ashenzari.
  3704 | D:5      | Noticed a troll
  3714 | D:5      | Killed a troll
  3715 | D:5      | Reached skill level 7 in Spellcasting
  3715 | D:5      | Reached XP level 7. HP: 36/36 MP: 9/19
  3885 | D:5      | Found an opulent altar of Gozag.
  3949 | D:5      | Found a shadowy altar of Dithmenos.
  4085 | D:5      | Reached skill level 1 in Slings
  4365 | D:6      | Found a stormy altar of Qazlal.
  4475 | D:6      | Reached skill level 1 in Throwing
  4475 | D:6      | Reached skill level 8 in Spellcasting
  4483 | D:6      | Found a shimmering blue altar of Sif Muna.
  4704 | D:6      | Reached XP level 8. HP: 41/41 MP: 18/22
  4910 | D:6      | Found a bloodstained altar of Trog.
  4925 | D:6      | Found Fistruag's Armour Boutique.
  4936 | D:6      | Bought a +1 pair of gloves for 126 gold pieces
  5258 | D:6      | Found a hazy altar of Hepliaklqana.
  5286 | D:6      | Found Kynon's Jewellery Shoppe.
  5451 | D:6      | Became a worshipper of Sif Muna the Loreminder
  5490 | D:6      | Found Yqiror's Magic Scroll Shoppe.
  5507 | D:6      | Found Qytitec's Magic Scroll Shop.
  5509 | D:6      | Found Vaigg's Antique Weapon Emporium.
  5613 | D:6      | Reached skill level 9 in Spellcasting
  5818 | D:7      | Found a hide-covered altar of Uskayaw.
  5855 | D:7      | Found a staircase to the Ecumenical Temple.
  5888 | Temple   | Entered the Ecumenical Temple
  6038 | D:7      | Noticed a hornet
  6045 | D:7      | Killed a hornet
  6046 | D:7      | Reached skill level 1 in Staves
  6046 | D:7      | Reached skill level 5 in Dodging
  6331 | D:7      | Noticed Joseph
  6502 | D:7      | Found a sparkling altar of Nemelex Xobeh.
  6502 | D:7      | Found a transporter.
  6503 | D:7      | Noticed a centaur warrior
  6503 | D:7      | Noticed a two-headed ogre
  6565 | D:6      | Reached XP level 9. HP: 45/45 MP: 18/24
  6645 | D:6      | Reached skill level 10 in Spellcasting
  6725 | D:6      | Learned a level 1 spell: Summon Small Mammal
  6839 | D:6      | Found a basalt altar of Yredelemnul.
  6937 | D:6      | Reached * piety under Sif Muna
  7402 | D:7      | Noticed Harold
  7551 | D:7      | Killed Joseph
  8241 | D:8      | Reached skill level 1 in Summonings
  8411 | D:8      | Reached skill level 11 in Spellcasting
  8478 | D:8      | Noticed Maurice
  8537 | D:7      | Reached skill level 10 in Ice Magic
  8541 | D:7      | Learned a level 1 spell: Animate Skeleton
  8605 | D:7      | Reached XP level 10. HP: 45/51 MP: 23/27
  8807 | D:8      | Killed Maurice
  8903 | D:8      | Reached ** piety under Sif Muna
  8978 | D:8      | Reached skill level 1 in Necromancy
  9150 | D:8      | Found a glowing golden altar of the Shining One.
  9833 | D:9      | Reached skill level 12 in Spellcasting
  9898 | D:9      | Noticed Maggie
  9931 | D:9      | Killed Maggie
 10236 | D:9      | Noticed a two-headed ogre
 10281 | D:9      | Noticed a two-headed ogre
 10408 | D:9      | Killed a two-headed ogre
 10617 | D:9      | Killed a two-headed ogre
 10617 | D:9      | Reached *** piety under Sif Muna
 10757 | D:9      | Noticed a two-headed ogre
 11064 | D:9      | Reached skill level 5 in Stealth
 11192 | D:9      | Found an ancient bone altar of Kikubaaqudgha.
 11533 | D:10     | Entered Level 10 of the Dungeon
 11717 | D:10     | Reached skill level 1 in Invocations
 11717 | D:10     | Reached XP level 11. HP: 53/55 MP: 28/29
 11813 | D:10     | Noticed Psyche
 11827 | D:10     | Killed Psyche
 11912 | D:10     | Learned a level 1 spell: Corona
 12083 | D:10     | Found a staircase to the Orcish Mines.
 12210 | D:10     | Reached skill level 13 in Spellcasting
 12642 | D:10     | Found a staircase to the Lair.
 12915 | Lair:1   | Entered Level 1 of the Lair of Beasts
 13037 | Lair:1   | Reached **** piety under Sif Muna
 13774 | Lair:1   | Noticed an eight-headed hydra
 13958 | Lair:1   | Reached skill level 14 in Spellcasting
 14114 | Lair:1   | Learned a level 2 spell: Slow
 14745 | Lair:2   | Reached skill level 1 in Fighting
 14778 | Lair:2   | Found a hole to the Spider Nest.
 14918 | Lair:2   | Reached skill level 1 in Hexes
 14970 | Lair:2   | Noticed a seven-headed hydra
 15004 | Lair:2   | Killed a seven-headed hydra
 15287 | Lair:2   | Reached XP level 12. HP: 61/61 MP: 32/32
 15925 | Lair:3   | Reached skill level 5 in Summonings
 15990 | Lair:3   | Reached ***** piety under Sif Muna
 16009 | Lair:3   | Reached skill level 1 in Evocations
 16099 | Lair:3   | Found a staircase to the Shoals.
 17093 | Lair:4   | Reached skill level 5 in Hexes
 17093 | Lair:4   | Reached skill level 5 in Invocations
 17245 | Lair:4   | Found a frozen archway.
 17785 | Lair:4   | Reached skill level 1 in Shields
 18118 | Lair:4   | Noticed Snorg
 18175 | Lair:4   | Learned a level 2 spell: Poisonous Vapours
 18870 | D:10     | Received a gift from Sif Muna
 19155 | D:10     | Got Sif Muna's Incunabulum of Creative Heat {god gift}
 19419 | Orc:1    | Entered Level 1 of the Orcish Mines
 19637 | D:11     | Noticed Nergalle
 19662 | D:11     | Killed Nergalle
 19751 | D:11     | Noticed a two-headed ogre
 19774 | D:11     | Killed a two-headed ogre
 19775 | D:11     | Reached skill level 15 in Spellcasting
 19785 | D:11     | Noticed a boulder beetle
 19804 | D:11     | Killed a boulder beetle
 20008 | D:10     | Reached skill level 10 in Dodging
 20369 | Orc:1    | Reached XP level 13. HP: 53/65 MP: 34/34
 20469 | Orc:1    | Noticed Gastronok
 20518 | Orc:1    | Killed Gastronok
 20519 | Orc:1    | Reached skill level 1 in Air Magic
 20519 | Orc:1    | Reached skill level 1 in Poison Magic
 20738 | Orc:1    | Found Huuwkos's Book Boutique.
 20817 | Orc:1    | Noticed Fannar
 20916 | Orc:1    | Killed Fannar
 21541 | Orc:1    | Bought a book of Beasts for 418 gold pieces
 21547 | Orc:1    | Learned a level 4 spell: Summon Ice Beast
 21568 | Orc:2    | Entered Level 2 of the Orcish Mines
 22250 | D:11     | Noticed Grum
 22266 | D:11     | Killed Grum
 22501 | D:11     | Received a gift from Sif Muna
 23085 | Lair:4   | Reached skill level 5 in Necromancy
 23195 | Lair:4   | Killed Snorg
 23565 | Lair:5   | Identified the +2 robe of Surprise {Str+4}
 23797 | Lair:5   | Identified the +7 trident of Uquemnie {venom, *Rage rC+++
                  | Int-2 SInv}
 24558 | Lair:5   | Learned a level 5 spell: Summon Mana Viper
 24562 | Lair:6   | Entered Level 6 of the Lair of Beasts
 24876 | Lair:6   | Found a staircase to the Slime Pits.
 25383 | Lair:6   | Reached XP level 14. HP: 48/70 MP: 11/35
 25851 | Lair:6   | Received a gift from Sif Muna
 25864 | Lair:6   | Got Sif Muna's Grimoire of Damaging Black Secrets {god
                  | gift}
 26124 | Lair:6   | Identified the ring of Pofehotz {rElec rF+ Slay+3 SInv}
 26336 | Lair:2   | Learned a level 4 spell: Olgreb's Toxic Radiance
 26337 | Spider:1 | Entered Level 1 of the Spider Nest
 26363 | Lair:2   | Slain by a redback

Illustrated notes

Levels and vault maps discovered:
D:1:      eino_arrival_water_cross, layout_basic, minmay_misc_feat_secret_circle
D:2:      layout_rooms, uniq_sigmund, uniq_crazy_yiuf_cottage
D:3:      layout_loops_ring, uniq_grinder
D:4:      layout_gridville, lemuel_coloured_pillars_altar, hex_medium
D:5:      layout_basic, mainiacjoe_overflow_cross_hatched, lemuel_tele_altar,
          mainiacjoe_overflow_boulevard
D:6:      layout_loops_ring, mainiacjoe_overflow_24_doors,
          mainiacjoe_overflow_alcove_1, overflow_temple_1_default,
          mainiacjoe_overflow_catwalk, lemuel_doored_altar, serial_shops,
          nicolae_shop_behind_doors, nicolae_shop_behind_doors, shop,
          nicolae_lakefront_shop, nicolae_shop_crystal, grunt_ministairs_13
D:7:      layout_rooms, mainiacjoe_overflow_six_doors_small,
          grunt_nemelex_the_gamble, minmay_temple_entry_slanted, uniq_harold,
          uniq_joseph
D:8:      layout_cave_pools, nicolae_overflow_hidden_temple, uniq_maurice
D:9:      layout_long_grid, mainiacjoe_overflow_alcove_4, special_room
          [special_room_orc], kennysheep_small_circle, uniq_maggie
D:10:     layout_basic, grunt_lair_entry_orc_guard_hut, david_orc_5,
          lightli_fourway_metalbox, uniq_psyche
D:11:     layout_stronghold, hangedman_glass_garden, grunt_ministairs_15,
          corexii_checkpoint_a, uniq_grum, uniq_nergalle
Temple:   pf_slime_end_temple
Lair:1:   layout_regular_city, grunt_forest_large_clearings,
          serial_bayou_shore_b, grunt_megastairs_4
Lair:2:   layout_chaotic_city, spider_nest_entry_web_field,
          minmay_lair_oklob_items, lemuel_fruit_tree
Lair:3:   layout_misc_corridors, elwin_shoals_entry_rocks
Lair:4:   kb_forest_paths, layout_gridlike, portal_ice_cave_demonic_guard,
          uniq_snorg
Lair:5:   layout_cave_pods, minivault_19
Lair:6:   evilmike_catoblepas_cave, layout_concentric_octagons, slime_dummy,
          worms_lemuel
Spider:1: layout_spider_delve
Orc:1:    layout_caves, serial_shops, shop, basic_altar, uniq_josephine,
          uniq_fannar, uniq_gastronok
Orc:2:    kennysheep_orc_mage_school, layout_diamond_mine, mines2_lemuel

Skill      XL: |  1  2  3  4  5  6  7  8  9 10 11 12 13 14 |
---------------+-------------------------------------------+-----
Ice Magic      | 5 6 7 8 10 11 12 | 12.1
Spellcasting   | 4 5 6 7 8 9 11 12 14 15 | 15.6
Dodging        | 3 4 5 7 8 9 10 | 10.9
Stealth        | 3 5 6 8 9 |  9.7
Slings         | 1 |  1.0
Throwing       | 1 2 3 |  3.9
Staves         | 1 2 |  2.0
Summonings     | 2 4 6 8 |  8.8
Necromancy     | 1 2 4 6 |  6.5
Invocations    | 1 4 5 6 |  6.9
Fighting       | 1 |  1.2
Hexes          | 1 5 7 |  7.9
Evocations     | 3 4 |  4.1
Shields        | 1 3 |  3.5
Air Magic      | 2 |  2.0
Poison Magic   | 3 4 |  4.1

Action                   |  1- 3 |  4- 6 |  7- 9 | 10-12 | 13-15 || total
-------------------------+-------+-------+-------+-------+-------++-------
Melee: Quarterstaff      |       |       |    53 |    94 |    11 ||   158
       Staff             |       |       |       |    13 |       ||    13
       Flail             |       |       |       |     3 |       ||     3
 Fire: Hunting sling     |       |    11 |       |       |       ||    11
Throw: Dart              |       |     3 |   106 |   127 |     3 ||   239
 Cast: Freeze            |    52 |    53 |    93 |   294 |   100 ||   592
       Ozocubu's Armour  |     2 |     5 |    46 |    78 |    26 ||   157
       Frozen Ramparts   |     1 |     9 |    48 |   119 |    52 ||   229
       Summon Small Mamm |       |       |    31 |   269 |    20 ||   320
       Animate Skeleton  |       |       |       |    48 |    22 ||    70
       Slow              |       |       |       |    18 |    28 ||    46
       Corona            |       |       |       |     8 |     1 ||     9
       Poisonous Vapours |       |       |       |    17 |    67 ||    84
       Summon Ice Beast  |       |       |       |       |    90 ||    90
       Summon Mana Viper |       |       |       |       |     7 ||     7
       Olgreb's Toxic Ra |       |       |       |       |     2 ||     2
Invok: Channel Magic     |       |       |       |       |     1 ||     1
Evoke: Wand              |       |       |       |     5 |     6 ||    11
  Use: Scroll            |       |       |     7 |    15 |     5 ||    27
       Potion            |       |       |       |     4 |     2 ||     6
 Stab: Distracted        |       |       |       |     2 |       ||     2
       Petrified         |       |       |       |     3 |       ||     3
       Petrifying        |       |       |       |     1 |       ||     1
Armor: Robe              |     4 |     9 |    59 |   127 |    80 ||   279
Dodge: Dodged            |    20 |    34 |    95 |   315 |   130 ||   594
Block: Other             |       |     4 |    41 |   105 |    54 ||   204
       Reflection        |       |       |     7 |     8 |     2 ||    17
